 Dungeon Crawl Stone Soup version 0.30.0-29-ga12c61a403 (webtiles) character file.

Game seed: 8607242476240996450

165149 Pooter the Warrior (level 17, -4/255 HPs)
             Began as a Minotaur Berserker on June 19, 2023.
             Was a Priest of Trog.
             Slain by a deep elf blademaster
             ... wielding a +0 rapier
              (8 damage)
             ... on level 3 of the Elven Halls on June 20, 2023.
             The game lasted 03:22:44 (42088 turns).

Pooter the Warrior (Minotaur Berserker)            Turns: 42088, Time: 03:22:44

Health: -4/255     AC: 26    Str: 30    XL:     17   Next: 27%
Magic:  5/5        EV: 14    Int:  6    God:    Trog [***...]
Gold:   1857       SH:  7    Dex: 11    Spells: 16/16 levels left

rFire   + . .        a - +5 battleaxe (antimagic)
rCold   + . .        (shield currently unavailable)
rNeg    . . .        A - +6 chain mail
rPois   .            (helmet restricted)
rElec   .            j - scarf {rC+ rF+}
rCorr   .            Z - +2 pair of gloves {Str+3}
SInv    +            R - +2 pair of boots {Fly}
Will    +++..        g - amulet of reflection Stlth
                     T - ring of the Octopus King {Wiz HP+2 AC+2 EV+2 SH+2}
HPRegen 1.62/turn    S - ring of see invisible
MPRegen 0.09/turn

%: reflection, wizardry (x1)
@: berserking, strong-willed (expiring), flying, regenerating (expiring), very
quick
A: horns 2, retaliatory headbutt
a: Renounce Religion, Berserk, Trog's Hand


You were on level 3 of the Elven Halls.
You worshipped Trog.
Trog was most pleased with you.
You visited 4 branches of the dungeon, and saw 25 of its levels.
You visited the Abyss 1 time.
You visited 1 bazaar.
You also visited: Bailey, Ice Cave and Volcano.

You collected 3991 gold pieces.
You spent 2134 gold pieces at shops.

Inventory:

Hand Weapons
 a - a +5 antimagic battleaxe (weapon)
   (Trog gifted it to you on level 15 of the Dungeon)
 b - a +1 heavy arbalest
   (You took it off an orc warrior on level 2 of the Orcish Mines)
 G - a +3 war axe of draining
   (You took it off Maggie on level 9 of the Dungeon)
 K - a +3 war axe of flaming
   (You took it off an orc knight on level 1 of the Orcish Mines)
Missiles
 J - 4 javelins
 M - 22 boomerangs (quivered)
 Q - 27 curare-tipped darts
Armour
 j - a scarf of resistance (worn)
   (You found it on level 13 of the Dungeon)
 A - a +6 chain mail (worn)
   (You found it on level 4 of the Dungeon)
 F - a scarf of repulsion
   (You bought it in a shop on level 10 of the Dungeon)
 R - a +2 pair of boots of flying (worn)
   (You found it in a bailey)
 X - a scarf of harm
   (You bought it in a shop on level 10 of the Dungeon)
 Z - a +2 pair of gloves of strength (worn)
   (You bought it in a shop on level 2 of the Orcish Mines)
Jewellery
 g - an amulet of reflection (around neck)
   (You took it off a kobold in a bailey)
 l - a ring of willpower
   (You found it on level 6 of the Dungeon)
 m - a ring of ice
   (You took it off Fannar on level 1 of the Orcish Mines)
 z - an amulet of regeneration
   (You found it on level 10 of the Dungeon)
 C - a ring of resist corrosion
   (You found it on level 4 of the Dungeon)
 N - a ring of positive energy
   (You found it on level 3 of the Lair of Beasts)
 O - a +6 ring of dexterity
   (You found it on level 3 of the Lair of Beasts)
 P - a ring of poison resistance
   (You found it on level 10 of the Dungeon)
 S - a ring of see invisible (right hand)
   (You found it on level 14 of the Dungeon)
 T - a ring of the Octopus King (left hand) {Wiz HP+2 AC+2 EV+2 SH+2}
   (You found it on level 8 of the Dungeon)

   [ring of wizardry]

   It improves your spell success rate.
   AC:        It affects your AC (+2).
   EV:        It affects your evasion (+2).
   HP:        It affects your health (+2).
   SH:        It affects your SH (+2).
 Y - a ring of fire
   (You found it on level 5 of the Lair of Beasts)
Wands
 d - a wand of iceblast (10)
   (You found it on level 4 of the Lair of Beasts)
 s - a wand of polymorph (11)
   (You took it off Maurice on level 11 of the Dungeon)
 u - a wand of paralysis (10)
   (You found it on level 3 of the Dungeon)
 B - a wand of mindburst (8)
   (You found it on level 12 of the Dungeon)
 D - a wand of digging (9)
   (You found it on level 2 of the Lair of Beasts)
Scrolls
 c - 2 scrolls of silence
 h - 3 scrolls of blinking
 i - 5 scrolls of identify {@r1}
 n - 9 scrolls of fear
 o - 6 scrolls of fog
 q - 2 scrolls of butterflies
 t - 11 scrolls of teleportation {@r4}
 y - 3 scrolls of magic mapping
 U - 2 scrolls of immolation {!r}
 W - a scroll of poison {!r}
Potions
 e - 10 potions of curing {@q1}
 k - 3 potions of lignification {!q}
 r - a potion of invisibility
 v - 2 potions of haste {@q3}
 w - 4 potions of might
 E - a potion of cancellation
 H - 3 potions of resistance
 I - 10 potions of heal wounds {@q2}
Miscellaneous
 p - a box of beasts
   (You found it in a bailey)
 L - a piece from Xom's chessboard (15/15)
   (You found it on level 9 of the Dungeon)
 V - a tin of tremorstones (1/2)
   (You found it on level 9 of the Dungeon)


   Skills:
 + Level 19.3 Fighting
 + Level 18.3(19.3) Axes
 - Level 10.7(15.7) Maces & Flails
 + Level 17.2 Ranged Weapons
 - Level 4.6 Throwing
 + Level 10.5 Armour
 - Level 7.7 Dodging
 - Level 6.3 Stealth
 + Level 9.3 Evocations


You had 16 spell levels left.
You didn't know any spells.
Your spell library was empty.

Dungeon Overview and Level Annotations

Branches:
Dungeon (15/15)            Temple (0/1) D:7            Lair (5/5) D:9
  Swamp (0/4) Lair:2       Spider (0/4) Lair:2        Slime (0/5) Lair:4
    Orc (2/2) D:12            Elf (3/3) Orc:2        Vaults (0/5) D:13
 Depths (0/4) D:15         Bailey (visited)           IceCv (visited)
Volcano (visited)

Altars:
Elyvilon
Gozag
Kikubaaqudgha
Makhleb
Qazlal
Ru
Sif Muna
Trog
Uskayaw
Vehumet
Xom
Yredelemnul
Jiyva

Shops:
D:10 *   D:11 *   D:15 *   Orc:2 *[:(   Elf:1 **   Elf:2 :

Portals:
Trove: D:13 (show slimy rune of Zot)

Annotations:
D:15 2 transporters, MadAsgardian's ghost, journeyman TrMo
Elf:2 3 runed translucent doors
Elf:3 3 runed translucent doors, DemonSlayer's ghost, adept DsEE; Hunwie Bupe's ghost, adept KoBr; Hynwimna's ghost, veteran MiGl; math4jedi's ghost, adept MiBe


Innate Abilities, Weirdness & Mutations

You have a pair of horns on your head.
You reflexively headbutt those who attack you in melee.


Message History

The deep elf blademaster hits you with a +0 rapier.
* * * LOW HITPOINT WARNING * * *
The cacodemon gestures at you. You resist with almost no effort.
The balrug closely misses you.
The deep elf blademaster closely misses you.
The deep elf blademaster hits you with a +0 rapier!
* * * LOW HITPOINT WARNING * * *
You carve the deep elf blademaster like a ham!!!
Your headbutt misses the deep elf blademaster.
You barely miss the balrug. You slash the cacodemon!
The cacodemon's magic leaks into the air.
The balrug falters for a moment.
The cacodemon hits you but does no damage.
The cacodemon barely misses you.
The deep elf blademaster hits you but does no damage. x2
Unknown command.
You hit the deep elf blademaster.
Your headbutt misses the deep elf blademaster.
You completely miss the balrug. You completely miss the cacodemon.
The balrug hits you but does no damage.
The deep elf blademaster hits you with a +0 rapier!
* * * LOW HITPOINT WARNING * * *
The deep elf blademaster hits you but does no damage.
The cacodemon gestures at you. The bolt of energy hits you!!
* * * LOW HITPOINT WARNING * * *
The ufetubus shouts!
Unknown command.
You closely miss the deep elf blademaster.
Your headbutt misses the deep elf blademaster.
You closely miss the balrug. You completely miss the cacodemon.
You feel the effects of Trog's Hand fading.
The ice devil disappears in a puff of smoke!
The deep elf blademaster hits you but does no damage.
The deep elf blademaster hits you with a +0 rapier!
* * * LOW HITPOINT WARNING * * *
The balrug misses you. You furiously retaliate!
You headbutt the balrug!
Unknown command.
You miss the deep elf blademaster.
Your headbutt misses the deep elf blademaster.
You slash the balrug!
The balrug's magic leaks into the air.
You slash the cacodemon!
The cacodemon's magic leaks into the air.
You feel yourself speed up. The cacodemon hits you!
* * * LOW HITPOINT WARNING * * *
You block the cacodemon's attack.
The deep elf blademaster hits you but does no damage.
The deep elf blademaster hits you with a +0 rapier!
You die...

#...........).###.))...)#####<#
#.......##..............).##.##
##.....###.##.#####...).[)[)..##
##....# #.##)# #..[.....####$
####.###.##.## #.#...####*#8.
#.).......# #.)##.## *!..
#.###.....##.#.##.# *...
#.#####.52#.##.##.# *⌠..
#......5ee@....##.# *...
#..####512#######.# *...
#..####.5## #.# *#8. #.......3##
#.# ##! ##.####...# #.# ## #.#
#..### #.# #.# #....# #.# ###
#.))## ### ###.#


You could see a deep elf blademaster, a cacodemon (summoned, magic disrupted), a
balrug (summoned, magic disrupted), an Executioner (summoned, fast), a deep elf
demonologist, a ynoxinul (summoned) and 4 ufetubi.

Vanquished Creatures
  2 deep elf master archers (Elf:3)
  Kirke (Lair:5)
  10 deep elf sorcerers
  An emperor scorpion (shapeshifter) (Elf:2)
  An orc warlord (Orc:1)
  2 deep elf elementalists (Elf:3)
  An ironbound preserver (D:13)
  2 deep elf demonologists (Elf:3)
  2 very ugly things (IceCv)
  A deep elf annihilator (Elf:3)
  Nessos (Lair:5)
  A starcursed mass (Abyss:3)
  Josephine (Orc:1)
  4 deep elf death magi
  A deep elf high priest (Elf:3)
  Harold (Orc:1)
  4 hydras
  Fannar (Orc:1)
  5 catoblepae
  4 centaur warriors
  Erica (Lair:1)
  A death knight (D:14)
  10 dancing weapons
  4 boulder beetles
  A tengu warrior (D:13)
  A naga warrior (D:15)
  9 death yaks
  5 two-headed ogres
  3 orc high priests
  Urug (D:13)
  Sonja (D:13)
  9 deep elf knights
  A sixfirhy (Abyss:3)
  A pharaoh ant (Lair:2)
  Lodul (D:14)
  A deep troll (D:9)
  A bog body (Lair:2)
  A glowing orange brain (D:15)
  8 deep elf archers
  An orange crystal statue (IceCv)
  5 wizards
  Pikel (D:5)
  A phantasmal warrior (D:14)
  13 deep elf zephyrmancers
  2 necromancers (Elf:1)
  5 orc sorcerers
  6 orc knights
  23 ugly things
  3 cyclopes
  22 deep elf pyromancers
  2 mana vipers (D:15)
  4 oklob plants (Lair:3)
  5 manticores
  4 toenail golems (Volcano)
  2 black mambas
  14 elephants
  Maurice (D:11)
  2 gargoyles
  2 smoke demons
  2 rime drakes
  13 cane toads
  6 komodo dragons
  2 efreet
  Psyche (D:9)
  Maggie (D:9)
  5 freezing wraiths
  An anaconda simulacrum (IceCv)
  A hornet (D:7)
  A queen bee (shapeshifter) (D:13)
  A meliai (shapeshifter) (D:10)
  7 trolls
  The ghost of staffManagerSI the Stinger, an amateur NaVM (D:3)
  A meliai (D:9)
  A tarantella (Lair:2)
  2 polar bears
  14 blink frogs
  5 dream sheep (Lair:5)
  Prince Ribbit (D:9)
  Sigmund (D:2)
  A dream sheep (shapeshifter) (D:8)
  A jumping spider (Lair:2)
  4 air elementals
  20 slime creatures
  2 shadows (D:9)
  2 centaur simulacra (D:15)
  A water elemental (Elf:2)
  5 large abominations
  7 wyverns
  3 dire elephant simulacra (IceCv)
  6 wraiths
  2 fire elementals
  2 hogs (Lair:5)
  81 yaks
  3 golden eyes (Abyss:3)
  5 steam dragons
  A redback (Lair:2)
  7 basilisks
  A warg (shapeshifter) (D:15)
  4 vampire mosquitoes (D:12)
  6 wargs
  An acid dragon (D:8)
  3 ice beasts
  12 water moccasins
  31 orc warriors
  2 black bears
  3 boggarts (D:14)
  A sky beast (D:7)
  14 ogres
  5 centaurs
  16 wolves
  13 bullfrogs
  A gnoll sergeant (D:9)
  2 kobold brigands
  4 elf zombies (Elf:1)
  A scorpion (D:5)
  10 wights (D:8)
  15 killer bees
  4 lindwurm simulacra (IceCv)
  3 electric eels
  8 howler monkeys
  A centaur zombie (D:7)
  2 hounds
  3 quasits
  A jelly (D:5)
  10 orc priests
  A bullfrog zombie (D:7)
  A sleepcap (D:5)
  2 iguanas
  Ijyb (D:5)
  20 orc wizards
  A boggart simulacrum (D:15)
  12 gnolls
  3 adders
  4 white imps
  An ufetubus (D:5)
  2 worms (D:2)
  2 dart slugs (D:2)
  49 orcs
  6 ball pythons
  6 bats
  7 endoplasms
  4 giant cockroaches
  9 goblins
  13 hobgoblins
  5 quokkas
  3 frilled lizards
  25 kobolds
  5 rats
  2 butterflies (Lair:1)
805 creatures vanquished.

Vanquished Creatures (collateral kills)
  A boggart (D:14)
1 creature vanquished.

Vanquished Creatures (others)
  A deep elf knight (Elf:3)
  A wizard (Volcano)
  A toenail golem (Volcano)
  4 humans (Lair:5)
  A boggart (D:14)
8 creatures vanquished.

Grand Total: 814 creatures vanquished

Notes
Turn   | Place    | Note
-------+----------+-------------------------------------------
     0 | D:1      | Pooter the Minotaur Berserker began the quest for the Orb.
     0 | D:1      | Reached XP level 1. HP: 19/19 MP: 0/0
    90 | D:1      | Found a faded altar of an unknown god.
   188 | D:1      | Reached XP level 2. HP: 27/27 MP: 1/1
   442 | D:1      | Reached skill level 4 in Fighting
  1127 | D:2      | Reached XP level 3. HP: 26/33 MP: 2/2
  1317 | D:2      | Reached ** piety under Trog
  1318 | D:2      | Reached skill level 5 in Axes
  1419 | D:2      | Noticed Sigmund
  1849 | D:2      | Killed Sigmund
  1850 | D:2      | Reached skill level 5 in Fighting
  1850 | D:2      | Reached XP level 4. HP: 27/42 MP: 3/3
  1850 | D:2      | Reached XP level 5. HP: 31/48 MP: 4/4
  2027 | D:3      | Reached XP level 6. HP: 56/56 MP: 5/5
  2138 | D:3      | Found a large runed translucent door.
  2140 | D:3      | Found a large runed translucent door.
  2142 | D:3      | Noticed staffManagerSI's ghost (amateur NaVM)
  2736 | D:3      | Killed staffManagerSI's ghost
  2737 | D:3      | Reached skill level 6 in Fighting
  2737 | D:3      | Reached XP level 7. HP: 64/64 MP: 6/6
  3402 | D:5      | Entered Level 5 of the Dungeon
  3440 | D:5      | Found a stormy altar of Qazlal.
  3481 | D:5      | Noticed Ijyb
  3485 | D:5      | Noticed Pikel
  3490 | D:5      | Killed Ijyb
  3498 | D:5      | Killed Pikel
  3499 | D:5      | Reached skill level 7 in Fighting
  3499 | D:5      | Reached skill level 10 in Axes
  3499 | D:5      | Reached XP level 8. HP: 69/74 MP: 7/7
  3597 | D:5      | Found a sacrificial altar of Ru.
  3618 | D:5      | Reached skill level 8 in Fighting
  3660 | D:5      | Found a shimmering altar of Xom.
  4125 | D:5      | Noticed a troll
  4140 | D:5      | Killed a troll
  4595 | D:6      | Reached XP level 9. HP: 82/82 MP: 8/8
  4599 | D:6      | Reached skill level 9 in Fighting
  5014 | D:6      | Found a hide-covered altar of Uskayaw.
  5054 | D:6      | Found a white marble altar of Elyvilon.
  5056 | D:6      | Found an ancient bone altar of Kikubaaqudgha.
  5060 | D:6      | Found a bloodstained altar of Trog.
  5064 | D:6      | Found a burning altar of Makhleb.
  5088 | D:6      | Reached skill level 1 in Maces & Flails
  5243 | D:6      | Reached *** piety under Trog
  5659 | D:7      | Found a staircase to the Ecumenical Temple.
  5708 | D:7      | Reached skill level 5 in Maces & Flails
  5852 | D:7      | Reached skill level 1 in Ranged Weapons
  5855 | D:7      | Found a radiant altar of Vehumet.
  5866 | D:7      | Reached skill level 10 in Fighting
  6269 | D:7      | Found a basalt altar of Yredelemnul.
  6692 | D:8      | Reached XP level 10. HP: 86/93 MP: 9/9
  7035 | D:8      | Found a flagged portal.
  7044 | Bailey   | Entered a bailey
  7102 | Bailey   | Noticed an orc knight
  7158 | Bailey   | Killed an orc knight
  7159 | Bailey   | Reached skill level 5 in Ranged Weapons
  7677 | D:8      | Reached **** piety under Trog
  7680 | D:8      | Noticed a centaur warrior
  7690 | D:8      | Killed a centaur warrior
  7691 | D:8      | Reached skill level 11 in Fighting
  7984 | D:8      | Found the ring of the Octopus King
  7991 | D:8      | Identified a ring of the Octopus King {Wiz HP+2 AC+2 EV+2
                  | SH+2}
  8131 | D:8      | Found a shimmering blue altar of Sif Muna.
  8378 | D:9      | Noticed a two-headed ogre
  8387 | D:9      | Killed a two-headed ogre
  8388 | D:9      | Reached XP level 11. HP: 102/102 MP: 10/10
  8453 | D:9      | Found a staircase to the Lair.
  8536 | D:9      | Noticed Prince Ribbit
  8540 | D:9      | Noticed a two-headed ogre
  8544 | D:9      | Killed Prince Ribbit
  8546 | D:9      | Killed a two-headed ogre
  8547 | D:9      | Reached skill level 10 in Maces & Flails
  8547 | D:9      | Reached skill level 1 in Evocations
  8654 | D:9      | Noticed a centaur warrior
  8656 | D:9      | Killed a centaur warrior
  8870 | D:9      | Noticed Maggie
  8882 | D:9      | Killed Maggie
  8925 | D:9      | Noticed a deep troll
  8935 | D:9      | Killed a deep troll
  8935 | D:9      | Noticed a green ugly thing
  8939 | D:9      | Killed a green ugly thing
  9398 | D:9      | Found an opulent altar of Gozag.
  9556 | D:9      | Noticed Psyche
  9564 | D:9      | Killed Psyche
  9565 | D:9      | Reached skill level 12 in Fighting
  9754 | D:9      | Noticed a six-headed hydra
  9761 | D:9      | Killed a seven-headed hydra
  9762 | D:9      | Noticed a catoblepas
  9768 | D:9      | Killed a catoblepas
  9886 | D:9      | Noticed a boulder beetle
  9914 | D:9      | Killed a boulder beetle
 10062 | D:10     | Entered Level 10 of the Dungeon
 10250 | D:10     | Noticed a two-headed ogre
 10257 | D:10     | Killed a two-headed ogre
 10258 | D:10     | Reached XP level 12. HP: 112/112 MP: 11/11
 10578 | D:10     | Found Kiggouro's Neck Hole.
 10593 | D:10     | Bought a scarf of repulsion for 156 gold pieces
 10593 | D:10     | Bought a scarf of harm for 117 gold pieces
 10661 | Lair:1   | Entered Level 1 of the Lair of Beasts
 10688 | Lair:1   | Noticed Erica
 10712 | Lair:1   | Killed Erica
 10713 | Lair:1   | Reached skill level 10 in Ranged Weapons
 11668 | Lair:2   | Noticed a death yak
 11668 | Lair:2   | Noticed a death yak
 11798 | Lair:2   | Noticed a death yak
 11804 | Lair:1   | Killed a death yak
 11806 | Lair:1   | Killed a death yak
 11842 | Lair:2   | Killed a death yak
 11942 | Lair:2   | Found a hole to the Spider Nest.
 11978 | Lair:2   | Reached skill level 13 in Fighting
 12015 | Lair:2   | Found a staircase to the Swamp.
 12289 | Lair:2   | Reached skill level 5 in Evocations
 12821 | Lair:3   | Reached skill level 1 in Stealth
 12821 | Lair:3   | Reached XP level 13. HP: 108/122 MP: 12/12
 12854 | Lair:3   | Reached skill level 1 in Throwing
 13951 | Lair:4   | Reached skill level 15 in Axes
 14089 | Lair:4   | Identified a scroll of acquirement
 14089 | Lair:4   | Acquired a manual of Fighting
 14127 | Lair:4   | Found a staircase to the Slime Pits.
 14127 | Lair:4   | Found a viscous altar of Jiyva.
 14786 | Lair:5   | Entered Level 5 of the Lair of Beasts
 14867 | Lair:5   | Noticed Kirke
 14875 | Lair:5   | Killed Kirke
 14876 | Lair:5   | Reached skill level 14 in Fighting
 14876 | Lair:5   | Reached skill level 5 in Armour
 14978 | Lair:5   | Noticed Nessos
 14988 | Lair:5   | Killed Nessos
 14988 | Lair:5   | HP: 9/189 [poisoned by Nessos]
 14989 | Lair:5   | Reached XP level 14. HP: 10/132 MP: 13/13
 14993 | Lair:5   | HP: 6/134 [poisoned by Nessos]
 17558 | Lair:5   | Reached skill level 5 in Dodging
 19592 | D:11     | Noticed Maurice
 19603 | D:11     | Killed Maurice
 20083 | D:11     | Found an ancient bone altar of Kikubaaqudgha.
 20166 | D:11     | Found Bimog's General Store.
 20171 | D:11     | Bought a potion of might for 48 gold pieces
 20171 | D:11     | Bought a scroll of identify for 24 gold pieces
 20701 | D:11     | Reached skill level 15 in Fighting
 21156 | D:12     | Found a staircase to the Orcish Mines.
 21211 | Orc:1    | Entered Level 1 of the Orcish Mines
 21211 | Orc:1    | Noticed Josephine
 21215 | Orc:1    | Killed Josephine
 21367 | Orc:1    | Noticed Fannar
 21375 | Orc:1    | Killed Fannar
 21586 | Orc:1    | Noticed Harold
 21603 | Orc:1    | Killed Harold
 21763 | Orc:1    | Found a dark tunnel.
 21772 | Volcano  | Entered a volcano
 22583 | Orc:2    | Entered Level 2 of the Orcish Mines
 22804 | Orc:2    | Noticed an orc warlord
 22821 | Orc:1    | Killed an orc warlord
 22983 | Orc:2    | Paralysed by an orc sorcerer for 3 turns
 22994 | Orc:2    | Reached XP level 15. HP: 108/141 MP: 14/14
 23034 | Orc:2    | Found Xaodacs's General Store.
 23048 | Orc:2    | Bought a +2 pair of gloves of strength for 301 gold pieces
 23048 | Orc:2    | Bought 2 potions of mutation for 224 gold pieces
 23048 | Orc:2    | Bought a scroll of identify for 28 gold pieces
 24540 | Orc:2    | Reached skill level 5 in Stealth
 24628 | Orc:2    | Found a staircase to the Elven Halls.
 24637 | Orc:2    | Found Qiko's Book Boutique.
 24688 | Orc:2    | Found Canem's Antique Armour Boutique.
 25630 | Orc:2    | Found Zoloirot's Antique Weapon Shop.
 26938 | D:13     | Noticed Sonja
 26951 | D:13     | Killed Sonja
 27073 | D:13     | Found a gate to the Vaults.
 27093 | D:13     | Reached skill level 16 in Fighting
 27274 | D:13     | Found a portal to a secret trove of treasure.
 27311 | D:13     | Noticed Urug
 27320 | D:13     | Killed Urug
 27803 | D:14     | Reached skill level 15 in Ranged Weapons
 27852 | D:14     | Reached ***** piety under Trog
 28142 | D:14     | Identified the +2 leather armour "Ycim" {Harm Int+2}
 28181 | D:14     | Found a hide-covered altar of Uskayaw.
 28266 | D:14     | Noticed Lodul
 28277 | D:14     | Killed Lodul
 28725 | D:15     | Entered Level 15 of the Dungeon
 28777 | D:15     | Found a frozen archway.
 28798 | IceCv    | Entered an ice cave
 29082 | IceCv    | Found a transporter.
 29093 | IceCv    | Found a transporter.
 29161 | IceCv    | Identified the +0 ring mail of Janweit {Harm}
 29320 | D:15     | Reached skill level 17 in Fighting
 29352 | D:15     | Found a staircase to the Depths.
 29385 | D:15     | Reached XP level 16. HP: 131/155 MP: 15/15
 29485 | D:15     | Found a transporter.
 29487 | D:15     | Found a transporter.
 29507 | D:15     | Noticed MadAsgardian's ghost (journeyman TrMo)
 29508 | D:15     | Found a bloodstained altar of Trog.
 29585 | D:15     | Received a gift from Trog
 29999 | D:15     | Found Ireilib's Serpentskin Sales.
 30045 | D:15     | Bought 3 curare-tipped darts for 36 gold pieces
 30045 | D:15     | Bought 4 curare-tipped darts for 48 gold pieces
 30045 | D:15     | Bought 3 curare-tipped darts for 36 gold pieces
 30045 | D:15     | Bought 4 curare-tipped darts for 48 gold pieces
 30288 | Elf:1    | Entered Level 1 of the Elven Halls
 30300 | Elf:1    | Paralysed by an air elemental for 1 turns
 30305 | Elf:1    | Paralysed by an air elemental for 1 turns
 30656 | Elf:1    | Found a flickering gateway to a bazaar.
 30670 | Bazaar   | Entered a bazaar
 30697 | Bazaar   | Found Vuilaj's Distillery.
 30702 | Bazaar   | Bought a potion of resistance for 150 gold pieces
 30702 | Bazaar   | Bought a potion of curing for 45 gold pieces
 30702 | Bazaar   | Bought a potion of heal wounds for 75 gold pieces
 30702 | Bazaar   | Bought a potion of heal wounds for 75 gold pieces
 30702 | Bazaar   | Bought a potion of curing for 45 gold pieces
 30710 | Bazaar   | Found Plog's Magic Scroll Shop.
 30715 | Bazaar   | Bought a scroll of teleportation for 27 gold pieces
 30715 | Bazaar   | Bought a scroll of identify for 18 gold pieces
 30715 | Bazaar   | Bought a scroll of teleportation for 27 gold pieces
 30715 | Bazaar   | Bought a scroll of identify for 18 gold pieces
 30715 | Bazaar   | Bought a scroll of brand weapon for 85 gold pieces
 30725 | Bazaar   | Found Soicept's Assorted Antiques.
 30731 | Bazaar   | Bought a scroll of enchant weapon for 210 gold pieces
 30754 | Bazaar   | Found Iwkodare's Distillery.
 30760 | Bazaar   | Bought a potion of mutation for 72 gold pieces
 30760 | Bazaar   | Bought a potion of heal wounds for 45 gold pieces
 30760 | Bazaar   | Bought a potion of might for 36 gold pieces
 31491 | Elf:1    | Found Foebil Vady's General Store.
 31491 | Elf:1    | Found Haucicku's Specific Store.
 31497 | Elf:1    | Bought a potion of haste for 140 gold pieces
 32914 | Elf:2    | Found Hieff's Book Boutique.
 33134 | Elf:2    | Found a runed translucent gate.
 33134 | Elf:2    | Found a runed translucent gate.
 33135 | Elf:2    | Found a runed translucent gate.
 33167 | Elf:2    | Reached skill level 18 in Fighting
 33813 | Abyss:3  | Cast into level 3 of the Abyss (a deep elf sorcerer)
 33966 | Abyss:4  | Found a corrupted altar of Lugonu.
 34060 | Elf:2    | Escaped the Abyss
 35051 | Elf:3    | Entered Level 3 of the Elven Halls
 35248 | Elf:3    | Paralysed by an air elemental for 1 turns
 35267 | Elf:3    | Paralysed by an air elemental for 1 turns
 36706 | Elf:3    | Found a runed translucent gate.
 36706 | Elf:3    | Found a runed translucent gate.
 36706 | Elf:3    | Noticed math4jedi's ghost (adept MiBe)
 36706 | Elf:3    | Noticed Hunwie Bupe's ghost (adept KoBr)
 36707 | Elf:3    | Found a runed translucent gate.
 36707 | Elf:3    | Noticed Hynwimna's ghost (veteran MiGl)
 36708 | Elf:3    | Noticed DemonSlayer's ghost (adept DsEE)
 37245 | Elf:3    | Identified the +5 war axe of the Gazing Vulture {flame,
                  | Str+3}
 37368 | Elf:3    | Reached skill level 19 in Fighting
 37368 | Elf:3    | Reached XP level 17. HP: 129/168 MP: 6/16
 37414 | Elf:3    | Reached skill level 10 in Armour
 39752 | Elf:3    | Noticed a deep elf master archer
 39758 | Elf:3    | Killed a deep elf master archer
 40302 | Elf:3    | Noticed a deep elf master archer
 40427 | Elf:3    | Killed a deep elf master archer
 42073 | Elf:3    | Noticed a deep elf blademaster
 42088 | Elf:3    | HP: 4/255 [cacodemon[a deep elf demonologist] (14)]
 42088 | Elf:3    | Slain by a deep elf blademaster

Illustrated notes

Levels and vault maps discovered:
D:1:      spicycebolla_green_bress_n_ham, layout_loops_corners, serial_aquarium,
          aquarium_bridge_long_separate [aquarium_subvault_window,
          aquarium_subvault_window, aquarium_subvault_bridge,
          aquarium_subvault_bridge, aquarium_subvault_wall,
          aquarium_subvault_bridge], aquarium_bridge_straight
          [aquarium_subvault_bridge, aquarium_subvault_window,
          aquarium_subvault_bridge, aquarium_subvault_window],
          aquarium_window_fake, aquarium_window_fake, aquarium_window_1,
          aquarium_view_2d, aquarium_balcony_5a,
          shapermc_ecumenical_altar_mp_ritualfount, st_stairs_5
D:2:      layout_rooms, uniq_sigmund
D:3:      layout_loops_cross, ebering_ghost_disaster_area
D:4:      layout_cave_pools
D:5:      layout_gridville, nicolae_qazlal_scattered_showers,
          mainiacjoe_overflow_catwalk_spiral, uniq_pikel, uniq_ijyb
D:6:      layout_basic, kennysheep_mini, minitemple,
          chequers_hall_statues_wall_a
D:7:      layout_gridville, fiery_altar_vehumet,
          lemuel_zombie_altar_yredelemnul, minmay_temple_entry_statues_pillars,
          roderic_roman_lattice
D:8:      layout_cave_pools, led_sif_book, enter_bailey_2, minivault_1,
          minmay_pinched_square
D:9:      minmay_chopped_fan, layout_irregular_city, grunt_gozag_statues,
          lair_entry_dummy, kennysheep_cross_bottleneck, uniq_maggie,
          uniq_prince_ribbit1, uniq_psyche
D:10:     layout_basic, chequers_serial_rivers_micro_a,
          nicolae_shop_sticking_my_neck_out
D:11:     layout_grid_maze, serial_shops, shop, kiku_gazebo_pond_becter,
          uniq_maurice
D:12:     layout_gridville, david_orc_1_choice, chequers_serial_rivers_large_b,
          minivault_4, minmay_misc_feat_roman
D:13:     layout_basic, skrybe_vaults_entry_preservation, enter_trove_0,
          reono_crystal_passage, uniq_urug, uniq_sonja
D:14:     layout_gridville, nicolae_uskayaw_dance_hall, uniq_lodul
D:15:     gammafunk_enter_depths_forms, layout_irregular_city, serial_ice,
          serial_ice_n, serial_ice_g, serial_ice_b, serial_ice_o, serial_ice_d,
          portal_ice_cave_entry_pillars_1, gammafunk_ghost_wrathful_warriors,
          minmay_hedge_maze, guppyfry_shop_venom
Lair:1:   layout_concentric_octagons, grunt_megastairs_3, serial_bayou_shore_a,
          lemuel_fruit_fields, uniq_erica
Lair:2:   layout_regular_city, skrybe_swamp_entry_bodies,
          nicolae_spider_entry_lesser_pyramids, serial_bayou_shore_b,
          serial_bayou_shore_b
Lair:3:   minmay_lair_oklob_chamber, layout_misc_corridors,
          grunt_forest_small_clearing_treed, grunt_megastairs_2,
          infiniplex_staircase_pool, lemuel_fruit_fields
Lair:4:   layout_hall_layers, slime_entry_1
Lair:5:   evilmike_catoblepas_cave, layout_regular_city,
          chequers_serial_rivers_micro_b, grunt_megastairs_1, uniq_kirke,
          uniq_nessos
Orc:1:    layout_caves, nicolae_volcano_entry_hallway, basic_altar, uniq_fannar,
          uniq_josephine, uniq_harold
Orc:2:    grunt_orc_gardens, layout_caves, grunt_orc_garden, grunt_orc_garden,
          grunt_orc_garden, grunt_orc_garden, basic_altar
Elf:1:    nicolae_elf_arrival_no_cutting_in_line, layout_onion_city,
          serial_shops, freezing_bzr, minmay_elf_necromancy,
          nicolae_elf_big_sculpture_3, nicolae_specific_store, st_stairs_5
Elf:2:    elven_hall_of_blades_hangedman_original
          [nicolae_blade_entry_crossed_weapons], layout_geoelf_diagonals,
          serial_shops, shop, uniq_nikola, uniq_agnes
Elf:3:    minmay_elf_hall_four_x, layout_loops_ring, gammafunk_ghost_cemetery

Skill      XL: |  1  2  3  4  5  6  7  8  9 10 11 12 13 14 15 16 17 |
---------------+----------------------------------------------------+-----
Axes           | 4 6 7 8 10 12 13 14 15 16 18 | 18.3
Fighting       | 4 5 6 7 8 10 11 12 13 14 15 17 19 | 19.3
Maces & Flails | 6 9 10 | 10.7
Ranged Weapons | 3 7 9 11 13 14 15 17 | 17.2
Evocations     | 3 5 6 7 8 9 |  9.3
Stealth        | 1 3 4 6 |  6.3
Throwing       | 3 4 |  4.6
Armour         | 5 7 8 9 10 | 10.5
Dodging        | 4 6 7 |  7.7

Action                     |  1- 3 |  4- 6 |  7- 9 | 10-12 | 13-15 | 16-18 || total
---------------------------+-------+-------+-------+-------+-------+-------++-------
  Melee: Hand axe          |    97 |    37 |       |       |       |       ||   134
         Headbutt          |    12 |     8 |    37 |    75 |   249 |    57 ||   438
         Trident           |       |     7 |   120 |       |       |       ||   127
         Punch             |       |     1 |     1 |     3 |    20 |       ||    25
         Flail             |       |       |    63 |   129 |       |       ||   192
         War axe           |       |       |       |   215 |   891 |     9 ||  1115
         Battleaxe         |       |       |       |       |       |   290 ||   290
   Fire: Shortbow          |       |       |     5 |    62 |       |       ||    67
         Sling             |       |       |     3 |       |       |       ||     3
         Longbow           |       |       |       |    95 |   225 |       ||   320
         Arbalest          |       |       |       |       |    92 |   184 ||   276
  Throw: Dart              |     1 |     2 |       |       |       |       ||     3
         Stone             |       |     4 |    17 |       |       |       ||    21
         Boomerang         |       |       |       |     1 |    19 |     5 ||    25
 Invoke: Berserk           |     2 |     2 |     6 |    13 |    14 |     6 ||    43
         Trog's Hand       |     1 |     2 |     3 |    14 |    34 |    28 ||    82
  Evoke: Wand              |     2 |       |    19 |    15 |     3 |    11 ||    50
         Tin of tremorston |       |       |       |       |     5 |     3 ||     8
         Box of beasts     |       |       |       |       |     1 |       ||     1
    Use: Scroll            |     4 |       |     6 |    19 |    18 |     6 ||    53
         Potion            |       |       |       |     1 |     2 |     1 ||     4
   Stab: Sleeping          |     1 |       |     1 |       |       |       ||     2
         Paralysed         |       |       |     2 |     1 |     1 |       ||     4
 Armour: Animal skin       |    16 |     6 |     3 |       |       |       ||    25
         Chain mail        |       |       |    72 |   194 |   378 |   140 ||   784
  Dodge: Dodged            |    47 |    38 |    83 |   172 |   422 |   182 ||   944
         Repelled          |       |       |       |       |     4 |       ||     4
  Block: Other             |       |       |       |    55 |   141 |    85 ||   281
         Reflection        |       |       |       |     2 |    13 |    25 ||    40
